 Dungeon Crawl Stone Soup version 0.28.0-43-g3370ac3207 (webtiles) character file.

Game seed: 983016478174420622

35 graymark the Poker (level 3, -2/34 HPs)
             Began as a Naga Chaos Knight on Mar 2, 2022.
             Was a Plaything of Xom.
             Slain by Terence
             ... wielding a +4 trident of protection
              (5 damage)
             ... on level 2 of the Dungeon.
             The game lasted 00:01:45 (1106 turns).

graymark the Poker (Naga Chaos Knight)              Turns: 1106, Time: 00:01:47

Health: -2/34      AC:  4    Str: 16    XL:     3   Next: 33%
Magic:  3/3        EV:  9    Int: 12    God:    Xom [..*...]
Gold:   29         SH:  0    Dex: 10    Spells: 2/2 levels left

rFire   . . .      SeeInvis +   a - +0 spear (chaos)
rCold   . . .      Faith    .   (no shield)
rNeg    . . .      Spirit   .   b - +2 leather armour
rPois   +          Reflect  .   (no helmet)
rElec   .          Harm     .   (no cloak)
rCorr   .          Rampage  .   (no gloves)
Will    .....                   (no barding)
Stlth   +.........              (no amulet)
HPRegen 0.11/turn               (no ring)
MPRegen 0.08/turn               (no ring)

@: very slow
A: AC +1, large, see invisible, deformed body, poison resistance, slowness 2,
spit poison 1, naga tail 1
a: Spit Poison, Renounce Religion


You were on level 2 of the Dungeon.
You worshipped Xom.
You were a toy of Xom.
You visited 1 branch of the dungeon, and saw 2 of its levels.

You collected 29 gold pieces.

Inventory:

Hand Weapons
 a - a +0 spear of chaos (weapon)
Missiles
 f - 22 sling bullets
Armour
 b - a +2 leather armour (worn)
 c - a +0 ring mail
Scrolls
 e - 3 scrolls of identify {unknown}
 g - a scroll of teleportation {unknown}
Potions
 d - a potion of magic {unknown}


   Skills:
 * Level 3.2 Fighting
 * Level 3.3 Polearms
 * Level 1.9 Armour
 * Level 1.5 Dodging
 + Level 1.0 Stealth


You had 2 spell levels left.
You didn't know any spells.
Your spell library contained the following spells:

 Spells                   Type           Power      Damage    Failure   Level
 Animate Skeleton         Necr           0%         N/A       38%         1
 Apportation              Tloc           0%         N/A       38%         1
 Freeze                   Ice            0%         1d3       38%         1
 Summon Small Mammal      Summ           0%         N/A       38%         1
 Ensorcelled Hibernation  Hex/Ice        0%         N/A       52%         2
 Passwall                 Tmut/Erth      0%         N/A       52%         2
 Frozen Ramparts          Ice            0%         1d2       77%         3
 Swiftness                Air            0%         N/A       77%         3
 Hailstorm                Conj/Ice       0%         3d3       99%         4


Dungeon Overview and Level Annotations

Branches:
Dungeon (2/15)

Altars:

Annotations:
D:2 Terence


Innate Abilities, Weirdness & Mutations

Your serpentine skin is tough. (AC +1)
You have supernaturally acute eyesight. (SInv)
Armour fits poorly on your strangely shaped body.
Your system is resistant to poisons. (rPois)
You cover ground very slowly.
You can spit poison.
You have a snake-like lower body.


Message History

Done exploring.
No target in view!
There is a stone staircase leading down here.
You climb downwards.
There is a stone staircase leading up here.
Terence the Incautious comes into view.
He is wielding a +4 trident of protection.
Terence shouts! "See what I see, my child!"
You detect items!
Terence hits you from afar with a +4 trident of protection!
You reach to attack!
You completely miss Terence. Terence misses you.
You reach to attack!
You hit Terence but do no damage. "How about this?"
Your glowing sapphire potion falls out of your pack, then immediately jumps back in!
Terence hits you from afar with a +4 trident of protection!
You are too injured to fight recklessly!
You are too injured to fight recklessly!
You are too injured to fight recklessly!
You are too injured to fight recklessly!
Reach: a) +0 spear (chaos)
Press: ? - help, Dir - move target, f/p - Terence
Aim: Terence, wielding a +4 trident of protection and wearing a +0 chain mail (about 32% to evade your +0 spear of chaos)
You reach to attack!
You hit Terence but do no damage.
Terence is poisoned.
Terence barely misses you.
Reach: a) +0 spear (chaos)
Press: ? - help, Dir - move target, f/p - Terence
Aim: Terence, wielding a +4 trident of protection and wearing a +0 chain mail (very poisoned, about 32% to evade your +0 spear of chaos)
You reach to attack!
You hit Terence but do no damage.
Space warps horribly around Terence!
Terence is severely wounded.
A goblin comes into view. It is wielding a +0 dagger.
Terence hits you from afar with a +4 trident of protection!
* * * LOW HITPOINT WARNING * * *
Reach: a) +0 spear (chaos)
Press: ? - help, Dir - move target, f/p - Terence
Aim: Terence, wielding a +4 trident of protection and wearing a +0 chain mail (severely wounded, very poisoned, about 32% to evade your +0 spear of chaos)
You reach to attack!
You hit Terence but do no damage.
Terence is severely wounded.
Terence hits you from afar with a +4 trident of protection.
You die...

#..# ##.. #...
##..# ...#
#..# #.##..#
#...@.#
.$...@##.#####
..... #....<#
.... #..####
... #..# ..
....# .
......#
#.....g#
#.......


You could see Terence (very poisoned) and a goblin.

Vanquished Creatures
  2 dart slugs (D:1)
  4 bats (D:1)
  3 endoplasms (D:1)
  A giant cockroach (D:1)
  2 hobgoblins (D:1)
  3 jackals (D:1)
  4 kobolds (D:1)
  A quokka (D:1)
  4 ball pythons (D:1)
  4 rats (D:1)
28 creatures vanquished.

Notes
Turn   | Place    | Note
-------+----------+-------------------------------------------
     0 | D:1      | graymark the Naga Chaos Knight began the quest for the Orb.
     0 | D:1      | Reached XP level 1. HP: 21/21 MP: 1/1
   218 | D:1      | Reached skill level 1 in Dodging
   218 | D:1      | Reached XP level 2. HP: 26/28 MP: 2/2
   360 | D:1      | XOM: silly message
   366 | D:1      | XOM: divination: detect creatures
   587 | D:1      | Reached XP level 3. HP: 32/34 MP: 3/3
   608 | D:1      | Found a faded altar of an unknown god.
   613 | D:1      | Reached skill level 1 in Stealth
   712 | D:1      | XOM: silly message
   936 | D:1      | XOM: silly message
  1101 | D:2      | Noticed Terence
  1101 | D:2      | XOM: divination: detect items
  1103 | D:2      | XOM: silly message
  1106 | D:2      | Slain by Terence

Illustrated notes

Levels and vault maps discovered:
D:1:      scummos_arrival_simple_crosswalls, layout_basic,
          nicolae_ecumenical_snake_handling
D:2:      layout_basic, kennysheep_generic_room_12, uniq_sigmund, uniq_terence

Skill      XL: |  1  2  3 |
---------------+----------+-----
Dodging        | 1 |  1.5
Stealth        | 1 |  1.0
Fighting       | |  3.2
Polearms       | |  3.3
Armour         | |  1.9

Action                   || total
-------------------------++-------
Melee: Spear             ||   116
       Punch             ||     1
  Use: Scroll            ||     1
 Stab: Sleeping          ||     2
       Paralysed         ||     2
Armor: Leather armour    ||    48
Dodge: Dodged            ||    57
